 Dungeon Crawl Stone Soup version 0.30-a0-210-g01b79a254e (webtiles) character file.

Game seed: 6630950269518668322

21311 scionoferis the Cleaver (level 12, -9/108 HPs)
             Began as a Minotaur Artificer on Oct 4, 2022.
             Was a Believer of Uskayaw.
             Mangled by a minotaur
             ... wielding a staff of conjuration
              (29 damage)
             ... in a Gauntlet.
             The game lasted 00:43:10 (12871 turns).

scionoferis the Cleaver (Minotaur Artificer)       Turns: 12871, Time: 00:43:11

Health: -9/108     AC: 20    Str: 21 (22) XL:     12   Next: 53%
Magic:  18/18      EV:  6    Int: 10 (11) God:    Uskayaw [**....]
Gold:   997        SH:  8    Dex: 11      Spells: 9/11 levels left

rFire   + . .      SeeInvis .    a - +2 war axe (vorpal)
rCold   . . .      Faith    .    W - +0 kite shield
rNeg    + . .      Spirit   .    N - +0 plate armour {rN+}
rPois   +          Reflect  .    (helmet restricted)
rElec   .          Harm     .    i - +0 cloak
rCorr   .          Rampage  .    (no gloves)
Will    +....      NoTele   +    j - +0 pair of boots
Stlth   ..........               w - amulet of the acrobat
HPRegen 0.38/turn                p - +4 ring of protection
MPRegen 0.16/turn                t - ring "Watiy" {rPois rF+ Will+ Int+3 Stlth-}

@: hasted, very quick
A: horns 2, retaliatory headbutt
a: Renounce Religion, Stomp, Line Pass


You were in a Gauntlet.
You worshipped Uskayaw.
Uskayaw was aware of your devotion.
You visited 3 branches of the dungeon, and saw 14 of its levels.
You also visited: Sewer and Gauntlet.

You collected 997 gold pieces.

Inventory:

Hand Weapons
 a - a +2 vorpal war axe (weapon)
 b - a +0 sling
Missiles
 h - 6 silver javelins
 E - 6 javelins
 G - 35 poisoned darts (quivered)
 S - a curare-tipped dart
Armour
 i - a +0 cloak (worn)
 j - a +0 pair of boots (worn)
 l - a +2 ring mail of cold resistance
 q - a scarf of shadows
 N - a +0 plate armour of positive energy (worn)
 W - a +0 kite shield (worn)
Jewellery
 p - a +4 ring of protection (left hand)
 t - the ring "Watiy" (right hand) {rPois rF+ Will+ Int+3 Stlth-}
   (You found it in a Gauntlet)

   [ring of poison resistance]

   Int:       It affects your intelligence (+3).
   rF:        It protects you from fire.
   rPois:     It protects you from poison.
   Will:      It increases your willpower.
   Stlth:     It makes you less stealthy.
 w - an amulet of the acrobat (around neck)
 C - a ring of fire
 I - a ring of fire
 J - a ring of protection from cold
 O - a +4 ring of protection
 P - a ring of protection from cold
Wands
 c - a wand of flame (21)
 d - a wand of charming (22)
 e - a wand of iceblast (12)
 f - a wand of polymorph (5)
 U - a wand of digging (6)
Scrolls
 g - 2 scrolls of blinking
 k - 3 scrolls of fear
 m - a scroll of magic mapping
 n - a scroll of summoning
 s - a scroll of enchant armour {unknown}
 y - 2 scrolls of butterflies
 D - 4 scrolls of teleportation
Potions
 o - 7 potions of curing
 r - 2 potions of might
 v - 2 potions of haste
 M - 2 potions of berserk rage {unknown}
 Q - a potion of lignification {unknown}
 V - a potion of attraction {unknown}


   Skills:
 + Level 10.7 Fighting
 * Level 14.1 Axes
 + Level 7.3 Armour
 + Level 3.9 Dodging
 - Level 0.7 Stealth
 + Level 4.0 Shields
 + Level 10.2 Invocations
 + Level 7.9 Evocations


You had 9 spell levels left.
You knew the following spells:

 Your Spells              Type           Power      Damage    Failure   Level
a - Blink                 Tloc           0%         N/A       100%        2

Your spell library contained the following spells:

 Spells                   Type           Power      Damage    Failure   Level
 Summon Small Mammal      Summ           0%         N/A       100%        1
 Cigotuvi's Dreadful Rot  Necr/Pois/Air  0%         N/A       100%        2
 Momentum Strike          Conj/Tloc      0%         3d8       100%        2
 Passwall                 Tmut/Erth      0%         N/A       100%        2
 Call Canine Familiar     Summ           0%         N/A       100%        3
 Ignite Poison            Fire/Tmut/Pois 0%         N/A       100%        3
 Kindle Blastsparks       Fire/Tloc/Air  0%         2d10      100%        3
 Lesser Beckoning         Tloc           0%         N/A       100%        3
 Summon Guardian Golem    Hex/Summ       0%         N/A       100%        3
 Swiftness                Air            0%         N/A       100%        3
 Tukima's Dance           Hex            0%         N/A       100%        3
 Anguish                  Hex/Necr       0%         N/A       100%        4
 Animate Armour           Summ/Erth      0%         N/A       100%        4
 Leda's Liquefaction      Hex/Erth       0%         N/A       100%        4
 Passage of Golubria      Tloc           0%         N/A       100%        4
 Petrify                  Tmut/Erth      0%         N/A       100%        4
 Blade Hands              Tmut           0%         N/A       100%        5
 Freezing Cloud           Conj/Ice/Air   0%         6-21      100%        5
 Irradiate                Conj/Tmut      0%         3d11      100%        5
 Lee's Rapid Deconstruct  Erth           0%         3d5*      100%        5
 Yara's Violent Unravell  Hex/Tmut       0%         3d3       100%        5
 Iron Shot                Conj/Erth      0%         9d1       100%        6
 Statue Form              Tmut/Erth      0%         N/A       100%        6
 Enfeeble                 Hex            0%         N/A       100%        7
 Malign Gateway           Summ/Tloc      0%         N/A       100%        7
 Summon Horrible Things   Summ           0%         N/A       100%        8
 Fire Storm               Conj/Fire      0%         5d1       100%        9


Dungeon Overview and Level Annotations

Branches:
Dungeon (12/15)            Temple (1/1) D:7            Lair (1/5) D:9
    Orc (0/2) D:9           Sewer (visited)         Gauntlet (1/1)

Altars:
Ashenzari
Cheibriados
Dithmenos
Elyvilon
Fedhas
Gozag
Hepliaklqana
Kikubaaqudgha
Nemelex Xobeh
Okawaru
Qazlal
Ru
Sif Muna
Trog
Uskayaw
Vehumet
Wu Jian
Xom
Zin
The Shining One

Shops:
D:12 !

Annotations:
D:4 2 transporters
D:7 SKELETAL WAR Gauntlet 8 transporters, 21 runed translucent doors


Innate Abilities, Weirdness & Mutations

You have a pair of horns on your head.
You reflexively headbutt those who attack you in melee.


Message History

The minotaur blasts you.
* * * LOW HITPOINT WARNING * * *
You block the minotaur's attack.
You feel better.
Press: ? - help, v - describe, . - travel
Here: a minotaur, wielding a staff of conjuration, wearing a +0 chain mail, wearing a ring of positive energy and quivering silver javelins (heavily wounded)
The floor, spattered with blood.
Okay, then.
Okay, then.
As you read the scroll of summoning, it crumbles to dust.
Wisps of shadow whirl around you... You block the minotaur's attack.
The minotaur gores you but does no damage.
Unknown command.
You closely miss the minotaur.
The minotaur furiously retaliates!
The minotaur headbutts you, but does no damage.
The minotaur is heavily wounded.
You barely miss the minotaur.
You headbutt the minotaur, but do no damage.
The minotaur is heavily wounded.
Your moth of wrath barely misses the minotaur.
Your rime drake breathes ice at the minotaur.
The flash freeze hits the minotaur!
The minotaur is flash-frozen.
The minotaur hits your rime drake with a staff of conjuration!!
The minotaur gores your rime drake.
You barely miss the minotaur.
The minotaur furiously retaliates!
The minotaur headbutts you, but does no damage.
You headbutt the minotaur, but do no damage.
The minotaur is severely wounded.
Your moth of wrath bites the minotaur.
Your moth of wrath infuriates the minotaur!
The minotaur goes berserk!
Your rime drake bites the minotaur but does no damage.
The minotaur hits your rime drake with a staff of conjuration!!
Your rime drake dies!
Your rime drake's corpse dissolves into shadows!
The minotaur bellows!
You hit the minotaur but do no damage.
The minotaur is severely wounded.
The minotaur hits you with a staff of conjuration!!
You die...

#### y.#### #H#..#
#@##.# #..#.#
##.#.#
#.#######.#.#
#.........#.#
#.#####.#####.#
#.............#
#########.#########
#≈...............≈#


You could see a minotaur (berserk, frozen, ally target) and a friendly moth of
wrath (summoned).

Vanquished Creatures
  A blizzard demon (Gauntlet)
  A centaur warrior (D:12)
  4 two-headed ogres
  Urug (D:10)
  A fire crab (Gauntlet)
  A deep elf pyromancer (D:12)
  2 cyclopes (D:11)
  Maurice (D:10)
  A gargoyle (D:11)
  3 unseen horrors
  A cane toad (Lair:1)
  2 ice devils (Gauntlet)
  A rime drake (Lair:1)
  2 komodo dragons
  3 kobold demonologists
  2 tengu conjurers (D:11)
  2 trolls (D:12)
  2 hornets
  2 slime creatures (D:12)
  5 shadows
  16 yaks
  A wraith (D:7)
  2 vampires
  2 wyverns
  6 fire bats (Gauntlet)
  Grum (D:11)
  A steam dragon (D:10)
  5 vampire mosquitoes
  2 acid dragons
  A water moccasin (Lair:1)
  2 hell hounds (Gauntlet)
  3 black bears
  4 orc warriors
  Pargi (Sewer)
  4 sky beasts
  6 centaurs
  3 ogres
  3 wolves (D:11)
  A phantom (D:6)
  6 kobold brigands
  3 scorpions
  4 howler monkeys
  A lava snake (D:10)
  2 jellies (D:4)
  A gnoll bouda (D:5)
  4 orc priests
  A hound (D:5)
  2 iguanas (D:6)
  5 orc wizards
  7 adders
  11 gnolls
  A river rat (D:6)
  A shadow imp (D:4)
  A white imp (Gauntlet)
  An ufetubus (D:6)
  8 worms
  5 dart slugs
  36 orcs
  10 ball pythons
  8 endoplasms
  2 giant cockroaches
  7 goblins
  6 hobgoblins
  2 jackals (D:1)
  31 kobolds
  2 quokkas
  11 bats
  4 frilled lizards
  7 rats
  A spectral hobgoblin (D:2)
293 creatures vanquished.

Vanquished Creatures (collateral kills)
  2 slime creatures (D:12)
2 creatures vanquished.

Vanquished Creatures (others)
  A fungus (D:7)
  35 plants (D:9)
  A withered plant (Gauntlet)
37 creatures vanquished.

Grand Total: 332 creatures vanquished

Notes
Turn   | Place    | Note
-------+----------+-------------------------------------------
     0 | D:1      | scionoferis the Minotaur Artificer began the quest for the
                  | Orb.
     0 | D:1      | Reached XP level 1. HP: 16/16 MP: 0/0
   221 | D:1      | Reached XP level 2. HP: 14/24 MP: 1/1
   582 | D:1      | Reached XP level 3. HP: 30/30 MP: 2/2
  1012 | D:2      | Got the Encyclopedia of Flaming Reformation
  1396 | D:2      | Noticed a scorpion
  1401 | D:2      | Killed a scorpion
  1402 | D:2      | Reached skill level 1 in Axes
  1402 | D:2      | Reached XP level 4. HP: 40/40 MP: 3/3
  1754 | D:2      | Found a faded altar of an unknown god.
  1929 | D:3      | Reached XP level 5. HP: 46/46 MP: 4/4
  1978 | D:3      | Found a snail-covered altar of Cheibriados.
  2040 | D:3      | Reached skill level 2 in Axes
  2148 | D:3      | Found a glowing silver altar of Zin.
  2205 | D:3      | Noticed a black bear
  2218 | D:3      | Killed a black bear
  2464 | D:4      | Reached skill level 3 in Axes
  2524 | D:4      | Reached XP level 6. HP: 51/52 MP: 5/5
  2860 | D:4      | Found a hazy altar of Hepliaklqana.
  2899 | D:4      | Found a transporter.
  3034 | D:4      | Found a transporter.
  3090 | D:4      | Reached skill level 4 in Axes
  3456 | D:5      | Entered Level 5 of the Dungeon
  3540 | D:5      | Identified the +2 quarterstaff of the Lusting Gods
                  | {protect, Fragile rElec Int+4}
  3646 | D:5      | Reached XP level 7. HP: 60/60 MP: 6/6
  3747 | D:5      | Reached skill level 5 in Fighting
  3747 | D:5      | Reached skill level 5 in Axes
  3821 | D:5      | Found a blossoming altar of Fedhas.
  3878 | D:5      | Reached skill level 5 in Armour
  3940 | D:5      | Found a bloodstained altar of Trog.
  4149 | D:6      | Found a glowing drain.
  4157 | Sewer    | Entered a sewer
  4185 | Sewer    | Noticed Pargi
  4221 | Sewer    | Killed Pargi
  4222 | Sewer    | Reached skill level 6 in Axes
  4422 | D:6      | Found a sacrificial altar of Ru.
  4461 | D:6      | Reached XP level 8. HP: 69/69 MP: 7/7
  4559 | D:6      | Found an ornate altar of the Wu Jian Council.
  4622 | D:6      | Found a shadowy altar of Dithmenos.
  5188 | D:7      | Found a staircase to the Ecumenical Temple.
  5195 | Temple   | Entered the Ecumenical Temple
  5318 | Temple   | Became a worshipper of Uskayaw the Reveller
  5351 | D:7      | Reached * piety under Uskayaw
  5355 | D:7      | Reached ** piety under Uskayaw
  5356 | D:7      | Reached skill level 7 in Axes
  5356 | D:7      | Reached skill level 5 in Evocations
  5502 | D:7      | Reached skill level 1 in Invocations
  5841 | D:7      | Noticed a skeletal warrior
  6111 | D:8      | Reached *** piety under Uskayaw
  6113 | D:8      | Reached skill level 8 in Axes
  6139 | D:8      | Got the Volume of Bread
  6145 | D:8      | Noticed a hornet
  6148 | D:8      | Killed a hornet
  6149 | D:8      | Reached XP level 9. HP: 78/78 MP: 8/10
  6457 | D:8      | Reached skill level 9 in Axes
  6458 | D:8      | Reached **** piety under Uskayaw
  6566 | D:8      | Identified the +1 scale mail of Ifi Sepp {+Blink rElec rF-
                  | Will-}
  6818 | D:9      | Found a shimmering altar of Xom.
  6952 | D:9      | Found a white marble altar of Elyvilon.
  7002 | D:9      | Found a staircase to the Lair.
  7003 | D:9      | Noticed a komodo dragon
  7003 | D:9      | Paralysed by a hornet for 3 turns
  7009 | D:9      | Reached skill level 5 in Invocations
  7011 | D:9      | Killed a komodo dragon
  7015 | D:9      | Reached skill level 10 in Axes
  7250 | D:9      | Found a staircase to the Orcish Mines.
  7426 | D:9      | Reached ***** piety under Uskayaw
  7427 | D:9      | Reached XP level 10. HP: 88/88 MP: 13/13
  7451 | D:9      | Reached ****** piety under Uskayaw
  7739 | D:10     | Entered Level 10 of the Dungeon
  7824 | D:10     | Found a sparkling altar of Nemelex Xobeh.
  7834 | D:10     | Noticed Urug
  7858 | D:10     | Killed Urug
  7921 | D:10     | Found a broken altar of Ashenzari.
  8402 | D:10     | Reached skill level 11 in Axes
  8402 | D:10     | Noticed a two-headed ogre
  8434 | D:10     | Killed a two-headed ogre
  8637 | D:10     | Noticed a two-headed ogre
  8639 | D:10     | Upgraded the game from 0.30-a0-187-gd9c2deaf24 to
                  | 0.30-a0-210-g01b79a254e
  8650 | D:10     | Killed a two-headed ogre
  8799 | D:10     | Reached XP level 11. HP: 85/97 MP: 14/16
  8833 | D:10     | Noticed Maurice
  8851 | D:10     | Killed Maurice
  8852 | D:10     | Reached skill level 12 in Axes
  8971 | D:10     | Noticed a two-headed ogre
  8979 | D:10     | Killed a two-headed ogre
  9333 | D:11     | Learned a level 2 spell: Blink
 10062 | D:11     | Noticed a two-headed ogre
 10082 | D:11     | Killed a two-headed ogre
 10083 | D:11     | Reached skill level 13 in Axes
 10083 | D:11     | Reached skill level 1 in Shields
 10212 | D:11     | Noticed Grum
 10221 | D:11     | Killed Grum
 10222 | D:11     | Reached skill level 10 in Fighting
 10732 | D:12     | Found Egutteir's Distillery.
 10736 | D:12     | Noticed a deep elf pyromancer
 10743 | D:12     | Killed a deep elf pyromancer
 10938 | D:12     | Reached XP level 12. HP: 102/106 MP: 18/18
 11193 | D:12     | Noticed a centaur warrior
 11205 | D:12     | Killed a centaur warrior
 11771 | Lair:1   | Entered Level 1 of the Lair of Beasts
 11831 | Lair:1   | Reached skill level 10 in Invocations
 11966 | Lair:1   | Found a gate leading to a gauntlet.
 11981 | Gauntlet | Entered a Gauntlet
 11981 | Gauntlet | Found a transporter.
 11981 | Gauntlet | Found a transporter.
 11981 | Gauntlet | Found a transporter.
 12034 | Gauntlet | Found a transporter.
 12034 | Gauntlet | Found a transporter.
 12036 | Gauntlet | Found a large runed translucent door.
 12037 | Gauntlet | Found a large runed translucent door.
 12037 | Gauntlet | Noticed a blizzard demon
 12038 | Gauntlet | Found a large runed translucent door.
 12038 | Gauntlet | Found a large runed translucent door.
 12038 | Gauntlet | Found a runed translucent door.
 12039 | Gauntlet | Found a large runed translucent door.
 12040 | Gauntlet | Found a large runed translucent door.
 12041 | Gauntlet | Found a large runed translucent door.
 12041 | Gauntlet | Found a large runed translucent door.
 12042 | Gauntlet | Found a runed translucent gate.
 12046 | Gauntlet | Found a transporter.
 12110 | Gauntlet | Found a transporter.
 12120 | Gauntlet | Found a transporter.
 12135 | Gauntlet | Found a transporter.
 12145 | Gauntlet | Found a transporter.
 12160 | Gauntlet | Found a transporter.
 12162 | Gauntlet | Found a large runed translucent door.
 12163 | Gauntlet | Found a large runed translucent door.
 12164 | Gauntlet | Found a large runed translucent door.
 12164 | Gauntlet | Found a large runed translucent door.
 12165 | Gauntlet | Found a runed translucent gate.
 12166 | Gauntlet | Found a large runed translucent door.
 12166 | Gauntlet | Found a large runed translucent door.
 12166 | Gauntlet | Found a runed translucent door.
 12167 | Gauntlet | Found a large runed translucent door.
 12168 | Gauntlet | Found a large runed translucent door.
 12169 | Gauntlet | Found a runed translucent gate.
 12169 | Gauntlet | Found a transporter.
 12590 | Gauntlet | Killed a blizzard demon
 12591 | Gauntlet | Reached skill level 14 in Axes
 12618 | Gauntlet | Identified the ring "Watiy" {rPois rF+ Will+ Int+3 Stlth-}
 12852 | Gauntlet | Noticed a minotaur
 12871 | Gauntlet | Mangled by a minotaur

Illustrated notes

Levels and vault maps discovered:
D:1:      minmay_arrival_wavy_path, layout_loops_corners, minmay_three_crescents
D:2:      layout_basic, dreamdust_ecumenical_altar_drowned_temple,
          grunt_decor_fettered, serial_bayou_pond_a
D:3:      layout_basic, amcnicky_altar_gilded, mainiacjoe_overflow_brackets
D:4:      gammafunk_wand_slinger, layout_basic, nicolae_overflow_crystal_walls,
          serial_glass, glass_columns_b, glass_columns_c, glass_columns_b,
          glass_columns_a
D:5:      layout_rooms, lemuel_crystal_altar, trog_book
D:6:      layout_rooms, kennysheep_little_box, nicolae_ru_awakened_eye,
          lemuel_doored_altar, lightli_sewer_entry_pipes
D:7:      layout_cave_pods, mainiacjoe_overflow_tiny_flanked,
          mainiacjoe_overflow_catwalk, minmay_temple_entry_junction_2
D:8:      layout_rooms
D:9:      layout_roguey [special_room_orc], mainiacjoe_overflow_chevrons,
          elyvilon_altar_3, david_lair_shrubbed
D:10:     layout_irregular_city, pf_just_have_faith,
          nemelex_diamond_rough_becter, nicolae_kite_square_tiling_tiny,
          kennysheep_generic_room_8, uniq_urug, uniq_maurice
D:11:     layout_stronghold, uniq_grum
D:12:     layout_loops_ring, serial_shops, shop_statue
Temple:   nicolae_temple_two_arcs
Lair:1:   layout_chaotic_city, gauntlet_entry_generic, st_stairs_12
Gauntlet: gammafunk_gauntlet_shortcut [nicolae_gauntlet_arena_grate_2,
          nicolae_gauntlet_swirl, gammafunk_gauntlet_arena_split_diamond,
          nicolae_gauntlet_arena_t_cross, gammafunk_gauntlet_arena_mazey,
          minmay_gauntlet_arena_make_your_own_arena,
          dreamdust_gauntlet_exit_labyrinth]

Skill      XL: |  1  2  3  4  5  6  7  8  9 10 11 12 |
---------------+-------------------------------------+-----
Fighting       | 2 3 4 5 6 7 9 10 | 10.7
Evocations     | 3 4 5 6 7 |  7.9
Armour         | 3 4 5 6 7 |  7.3
Axes           | 1 3 4 6 8 10 11 13 14 | 14.1
Invocations    | 3 5 8 9 10 | 10.2
Shields        | 2 4 |  4.0
Dodging        | 2 3 |  3.9
Stealth        | |  0.7

Action                   |  1- 3 |  4- 6 |  7- 9 | 10-12 || total
-------------------------+-------+-------+-------+-------++-------
Melee: Club              |   117 |       |       |       ||   117
       Headbutt          |    25 |    18 |    51 |    98 ||   192
       Punch             |     1 |       |     2 |     1 ||     4
       War axe           |     3 |    97 |   159 |   338 ||   597
       Halberd           |       |       |   140 |    35 ||   175
Throw: Dart              |       |       |       |    18 ||    18
Evoke: Wand              |       |       |    14 |     3 ||    17
  Use: Scroll            |       |     6 |     5 |     5 ||    16
       Potion            |       |       |       |     6 ||     6
 Stab: Paralysed         |       |       |     9 |    43 ||    52
Armor: Leather armour    |    20 |       |       |       ||    20
       Ring mail         |    18 |    53 |   162 |    62 ||   295
       Plate armour      |       |       |       |   172 ||   172
Dodge: Dodged            |    62 |    54 |   160 |   129 ||   405
Block: Buckler           |       |       |       |    11 ||    11
       Kite shield       |       |       |       |    23 ||    23

Table legend: (Time is in decaauts)
 A = Elapsed time spent in this place.
 B = Non-inter-level travel time spent in this place.
 C = Inter-level travel time spent in this place.
 D = Time resting spent in this place.
 E = Time spent auto-exploring this place.
 F = Levels seen in this place.
 G = Mean time per level.
                   A        B        C        D        E       F      G
               +--------+--------+--------+--------+--------+-----+--------+
         Total |  13030 |  12296 |    734 |    921 |   8282 |  16 |  814.4 |
       Dungeon |  11656 |  10935 |    721 |    641 |   7900 |  12 |  971.3 |
        Temple |    131 |    118 |     13 |      0 |    106 |   1 |  131.0 |
          Lair |    209 |    209 |      0 |      0 |      0 |   1 |  209.0 |
         Sewer |    154 |    154 |      0 |      0 |     81 |   1 |  154.0 |
      Gauntlet |    878 |    878 |      0 |    280 |    195 |   1 |  878.0 |
               +--------+--------+--------+--------+--------+-----+--------+

Top non-repeatable levels by time:
    D:11: 1475 daAuts
    D:10: 1348 daAuts
     D:6: 1124 daAuts
     D:4: 1066 daAuts
     D:1: 1051 daAuts
     D:9: 1007 daAuts
    D:12: 922 daAuts
Gauntlet: 878 daAuts
     D:2: 864 daAuts
     D:8: 754 daAuts
     D:5: 716 daAuts
     D:7: 694 daAuts
     D:3: 629 daAuts
  Lair:1: 209 daAuts
   Sewer: 154 daAuts
